 Dungeon Crawl Stone Soup version 0.25-a0-592-g443c2f7 (webtiles) character file.

Game seed: 13851574791593862086, levelgen mode: deterministic

5673 Auros the Digger (level 10, -4/87 HPs)
             Began as a Troll Earth Elementalist on Mar 14, 2020.
             Was an Elder of Elyvilon.
             Slain by a sky beast (5 damage)
             ... on level 10 of the Dungeon.
             The game lasted 01:20:08 (9678 turns).

Auros the Digger (Troll Earth Elementalist)         Turns: 9678, Time: 01:20:09

Health: -4/87      AC: 10    Str: 21    XL:     10   Next: 47%
Magic:  1/14       EV: 10    Int: 14    God:    Elyvilon [****..]
Gold:   394        SH:  0    Dex: 10    Spells: 0/11 levels left

rFire    + . .     SeeInvis .   x - +0 flail (venom)
rCold    + . .     Gourm    +   (no shield)
rNeg     . . .     Faith    .   j - +0 robe
rPois    .         Spirit   .   (helmet restricted)
rElec    .         Reflect  .   (no cloak)
rCorr    .         Harm     .   (gloves unavailable)
MR       .....                  (boots unavailable)
Stlth    +.........             F - amulet "Tew Biet" {+Rage rF+ rC+ Str+3}
HPRegen  0.64/turn              f - +4 ring of protection
MPRegen  0.14/turn              s - ring of wizardry

@: lethally poisoned (-4 -> -4), protection, berserk cooldown, slowed, very slow
A: large, unfitting armour, claws 3, fast metabolism 3, gourmand, regeneration
1, shaggy fur 1, tough skin 3
a: Lesser Healing, Heal Other, Purification, Greater Healing, Divine Protection,
Renounce Religion, Evoke Berserk Rage


You were on level 10 of the Dungeon.
You worshipped Elyvilon.
Elyvilon was greatly pleased with you.
You were very full.

You visited 1 branch of the dungeon, and saw 10 of its levels.

You collected 414 gold pieces.
You spent 20 gold pieces at shops.

Inventory:

Hand Weapons
 r - a +0 giant spiked club
 x - a +0 flail of venom (weapon)
Missiles
 g - a throwing net
 i - 6 javelins
 n - 40 sling bullets
 p - 151 arrows
 q - 2 boomerangs
 v - 24 bolts
 G - 7 boomerangs of dispersal
 Z - 219 stones (quivered)
Armour
 j - a +0 robe (worn)
 m - a +0 robe
 B - +0 storm dragon scales
Jewellery
 f - a +4 ring of protection (left claw)
 s - a ring of wizardry (right claw)
 F - the amulet "Tew Biet" (around neck) {+Rage rF+ rC+ Str+3}
   (You found it on level 7 of the Dungeon)

   [amulet of rage]

   It affects your strength (+3).
   It protects you from fire.
   It protects you from cold.
   It lets you go berserk.
 H - an uncursed amulet of magic regeneration
Wands
 I - a wand of flame (8)
 J - a wand of acid (10)
Scrolls
 a - 5 scrolls of magic mapping
 c - 3 scrolls of remove curse
 l - a scroll of immolation {unknown}
 t - a scroll of fear {unknown}
 y - a scroll of enchant weapon {unknown}
 C - 3 scrolls of random uselessness {unknown}
 E - a scroll of noise {unknown}
 K - a scroll of enchant armour {unknown}
Potions
 b - 3 potions of heal wounds
 d - 2 potions of magic
 e - a potion of ambrosia
 h - 3 potions of curing
 k - a potion of berserk rage
 o - a potion of stabbing
 u - a potion of flight
 w - a potion of haste {unknown}
 A - 2 potions of brilliance
 D - 2 potions of cancellation {unknown}
Comestibles
 z - 16 rations
 L - 2 chunks of flesh


   Skills:
 - Level 2.0 Fighting
 + Level 6.7 Maces & Flails
 - Level 2.6 Dodging
 - Level 1.0 Stealth
 - Level 1.2 Spellcasting
 - Level 2.2 Conjurations
 - Level 0.6 Transmutations
 + Level 7.7 Earth Magic
 - Level 3.6 Invocations
 - Level 7.0 Evocations


You couldn't memorise any spells.
You knew the following spells:

 Your Spells              Type           Power        Failure   Level  Hunger
a - Sandblast             Erth           ###...       1%          1    ##.....
b - Stone Arrow           Conj/Erth      ##....       4%          3    ####...
c - Passwall              Tmut/Erth      ##......     2%          2    ###....
d - Lee's Rapid Deconstr  Erth           ###.......   12%         5    ######.

Your spell library contained the following spells:

 Spells                   Type           Power        Failure   Level  Hunger
 Beastly Appendage        Tmut           #.....       9%          1    ##.....
 Sticks to Snakes         Tmut           #.......     12%         2    ###....
 Petrify                  Tmut/Erth      ##......     17%         4    #####..
 Spider Form              Tmut/Pois      #.........   26%         3    ####...
 Ice Form                 Ice/Tmut       #.......     63%         4    #####..
 Blade Hands              Tmut           #.........   89%         5    ######.


Dungeon Overview and Level Annotations

Branches:
Dungeon (10/15)            Temple (0/1) D:7             Orc (0/2) D:9
   Lair: D:8-11

Altars:
Elyvilon
Fedhas
Okawaru
Qazlal

Shops:
D:6 (   D:7 =[   D:8 *

Annotations:
D:7 2 transporters, myxocpahck's ghost, novice OpAs
D:9 Prince Ribbit


Innate Abilities, Weirdness & Mutations

You are too large for most types of armour.
You have claws for hands.
Your metabolism is lightning-fast.
You like to eat raw meat.
Your natural rate of healing is unusually fast.
You are covered in fur. (AC +1)
You have extremely tough skin. (AC +3)


Message History

* * * LOW HITPOINT WARNING * * *
Something shocks you.
* * * LOW HITPOINT WARNING * * *
Something hits you but does no damage.
You feel sick. Something hits you but does no damage.
You are healed.
You feel somewhat less full.
You feel sick. Something hits you.
* * * LOW HITPOINT WARNING * * *
Something shocks you.
* * * LOW HITPOINT WARNING * * *
Something hits you.
* * * LOW HITPOINT WARNING * * *
Something shocks you.
* * * LOW HITPOINT WARNING * * *
You feel sick.
You beseech Elyvilon to protect your life.
You feel sick. Something hits you but does no damage.
You miss something.
You feel sick. Something hits you.
* * * LOW HITPOINT WARNING * * *
Something shocks you.
You die...

#....#........#
#....#........#
#######....#.......#
...........#.......#
...........#....≈..#
########...#.......#
#.#'#.......#
#.#......≈..########
#.#....@{.†..†.....#
#.#....########.|..#
#######.#....# ....#
........#....# ....#
........###..# y...#
..........#..# ....#
.#####....#... .y..#
#....#.. #####
#....#


There were no monsters in sight!

Vanquished Creatures
  A hydra (D:9)
  A spriggan (D:7)
  5 yaks (D:9)
  A hungry ghost (D:8)
  Eustachio (D:5)
  Menkaure (D:6)
  A water moccasin (D:7)
  2 ice beasts
  2 orc warriors
  4 sky beasts
  3 phantoms
  2 ogres
  5 centaurs
  A big kobold (D:7)
  2 bullfrogs
  3 scorpions
  4 killer bees (D:10)
  4 howler monkeys
  A bullfrog zombie (D:9)
  An electric eel (D:8)
  2 crimson imps (D:9)
  3 hounds
  2 jellies
  8 orc priests
  9 orc wizards
  A centaur skeleton (D:4)
  Natasha (thrice) (D:4)
  4 iguanas
  3 worker ants
  6 gnolls
  13 adders
  A howler monkey skeleton (D:7)
  2 shadow imps
  An ooze (D:2)
  3 adder zombies
  2 adder skeletons
  A worm (D:2)
  3 leopard geckos
  28 orcs
  A ball python (D:2)
  6 bats
  4 giant cockroaches
  16 goblins
  9 hobgoblins
  4 jackals (D:2)
  6 quokkas
  5 frilled lizards
  10 kobolds
  A leopard gecko skeleton (D:5)
  A quokka zombie (D:8)
  6 rats
209 creatures vanquished.

Vanquished Creatures (others)
  A howler monkey (D:9)
  An orc wizard (D:8)
2 creatures vanquished.

Grand Total: 211 creatures vanquished

Notes
Turn   | Place    | Note
-------+----------+-------------------------------------------
     0 | D:1      | Auros the Troll Earth Elementalist began the quest for the
                  | Orb.
     0 | D:1      | Reached XP level 1. HP: 16/16 MP: 1/1
   173 | D:1      | Reached XP level 2. HP: 24/24 MP: 2/2
   670 | D:2      | Found a stormy altar of Qazlal.
   700 | D:2      | Reached XP level 3. HP: 24/31 MP: 3/3
   705 | D:2      | Learned a level 3 spell: Stone Arrow
  1210 | D:2      | Found a faded altar of an unknown god.
  1220 | D:2      | Reached XP level 4. HP: 34/39 MP: 4/4
  1223 | D:2      | Became a worshipper of Elyvilon the Healer
  1223 | D:2      | Reached * piety under Elyvilon
  1547 | D:3      | Reached skill level 5 in Earth Magic
  1697 | D:3      | Reached XP level 5. HP: 40/45 MP: 5/5
  2104 | D:3      | Found a blossoming altar of Fedhas.
  2293 | D:4      | Reached ** piety under Elyvilon
  2438 | D:4      | Noticed a phantom
  2503 | D:4      | Killed a phantom
  2503 | D:4      | Reached XP level 6. HP: 49/53 MP: 0/6
  2569 | D:4      | Noticed Natasha
  2751 | D:3      | Learned a level 2 spell: Passwall
  3013 | D:4      | Killed Natasha
  3013 | D:4      | Reached skill level 1 in Maces & Flails
  3013 | D:4      | Reached XP level 7. HP: 58/59 MP: 1/7
  3097 | D:3      | Reached skill level 1 in Conjurations
  3350 | D:4      | Noticed Natasha
  3363 | D:4      | Killed Natasha
  3372 | D:4      | Noticed Natasha
  3423 | D:4      | Killed Natasha
  3683 | D:5      | Entered Level 5 of the Dungeon
  4460 | D:5      | Reached XP level 8. HP: 63/67 MP: 1/8
  4746 | D:5      | Reached skill level 1 in Fighting
  4746 | D:5      | Reached skill level 1 in Invocations
  5063 | D:5      | Noticed Eustachio
  5097 | D:5      | Killed Eustachio
  5494 | D:6      | Reached *** piety under Elyvilon
  5518 | D:6      | Reached skill level 5 in Maces & Flails
  5570 | D:6      | Noticed Menkaure
  5632 | D:6      | Killed Menkaure
  5878 | D:6      | Found Loutryot's Weapon Emporium.
  6432 | D:6      | Reached XP level 9. HP: 50/79 MP: 10/10
  6492 | D:7      | Found Yqamebb's Jewellery Emporium.
  6492 | D:7      | You fall into a shaft and drop 2 floors!
  6651 | D:7      | Got an ancient golden amulet
  6653 | D:7      | Identified the amulet "Tew Biet" {+Rage rF+ rC+ Str+3} (You
                  | found it on level 7 of the Dungeon)
  6688 | D:7      | Found Dacopelaq's Antique Armour Emporium.
  6712 | D:7      | Reached **** piety under Elyvilon
  6752 | D:7      | Found a transporter.
  6754 | D:7      | Found a transporter.
  6755 | D:7      | Noticed myxocpahck's ghost (novice OpAs)
  6773 | D:7      | Found a staircase to the Ecumenical Temple.
  6863 | D:7      | Reached skill level 1 in Evocations
  7316 | D:8      | Identified the +1 scale mail of Theory {rF++ rN+++ MR-
                  | Dex-2}
  7461 | D:8      | Paralysed by fainting for 10 turns
  7573 | D:8      | Found Xuli's General Store.
  7581 | D:8      | Bought a scroll of identify for 20 gold pieces
  7852 | D:8      | Reached skill level 5 in Evocations
  8040 | D:8      | Found an iron altar of Okawaru.
  8300 | D:9      | Reached XP level 10. HP: 81/87 MP: 13/13
  8359 | D:9      | Noticed Prince Ribbit
  8656 | D:9      | Noticed a four-headed hydra
  8687 | D:9      | Killed a four-headed hydra
  8862 | D:9      | Learned a level 5 spell: Lee's Rapid Deconstruction
  9161 | D:9      | Found a staircase to the Orcish Mines.
  9380 | D:10     | Entered Level 10 of the Dungeon
  9678 | D:10     | HP: 1/87 [something (5)]
  9678 | D:10     | Slain by a sky beast

Levels and vault maps discovered:
D:1:      minmay_arrival_widening_spiral_wide, layout_rooms,
          minmay_curled_crystal, grunt_decor_mini_mirrors,
          kennysheep_another_room, minivault_4, minmay_cut_off
D:2:      layout_loops_cross, lemuel_round_altar,
          chequers_ecumenical_altar_simple, first_ration
D:3:      layout_rooms, fedhas_altar_4
D:4:      layout_cave_pools, uniq_natasha
D:5:      layout_basic, minmay_small_thing, uniq_eustachio
D:6:      layout_basic, serial_shops, nicolae_shop_trees, uniq_menkaure
D:7:      layout_cave_pools, minmay_temple_entry_large_hall,
          gammafunk_ghost_mausoleum, serial_shops, nicolae_shop_behind_doors,
          shop, the_bakery, minmay_misc_feat_columns
D:8:      statuecave_lemuel, layout_rooms, serial_shops,
          nicolae_shop_statue_plus, minmay_stone_trees_small,
          kennysheep_okawaru_gauntlet
D:9:      layout_irregular_city, orc_0_dummy, uniq_prince_ribbit1
D:10:     layout_irregular_city, serial_shops, shop, uniq_maggie

Skill      XL: |  1  2  3  4  5  6  7  8  9 10 |
---------------+-------------------------------+-----
Earth Magic    | 3 4 5 6 7 |  7.7
Maces & Flails | 1 4 5 6 |  6.7
Conjurations   | 2 |  2.2
Fighting       | 2 |  2.0
Dodging        | 2 |  2.6
Invocations    | 3 |  3.6
Evocations     | 5 7 |  7.0
Stealth        | |  1.0
Spellcasting   | |  1.2
Transmutations | |  0.6

Action                   |  1- 3 |  4- 6 |  7- 9 | 10-12 || total
-------------------------+-------+-------+-------+-------++-------
Melee: Unarmed           |   140 |   114 |       |       ||   254
       Giant spiked club |       |    40 |   139 |       ||   179
       Flail             |       |       |   341 |    88 ||   429
Throw: Stone             |       |     1 |       |       ||     1
 Cast: Sandblast         |     1 |    20 |    49 |     8 ||    78
       Stone Arrow       |       |     8 |    29 |    15 ||    52
       Passwall          |       |       |     1 |       ||     1
       Lee's Rapid Decon |       |       |       |     2 ||     2
Invok: Lesser Healing    |       |       |       |     4 ||     4
       Heal Other        |       |       |       |     3 ||     3
       Purification      |       |       |       |     2 ||     2
       Divine Protection |       |       |       |     1 ||     1
 Abil: Evoke Berserk Rag |       |       |       |     1 ||     1
Evoke: Wand              |       |       |       |     3 ||     3
  Use: Scroll            |     1 |       |     9 |       ||    10
       Potion            |       |       |     1 |       ||     1
 Stab: Sleeping          |     1 |     2 |     1 |       ||     4
  Eat: Chunk             |    17 |    19 |    55 |    21 ||   112
       Ration            |       |       |     3 |       ||     3
Armor: Robe              |    68 |    74 |   175 |    36 ||   353
       Storm dragon scal |       |       |   290 |    52 ||   342
Dodge: Dodged            |    69 |   109 |   216 |    56 ||   450

Table legend:
 A = Non-vault XP
 B = Vault XP
 C = Vault XP percentage of total XP
 D = Non-vault monster count
 E = Vault monster count
 F = Vault count percentage of total count
                 A         B        C        D         E       F
            +---------+---------+-------+---------+---------+-------
      Total |    7421 |     655 |   8.1 |     202 |       8 |   3.8
            +---------+---------+-------+---------+---------+-------
        D:1 |      25 |       5 |  16.7 |      15 |       3 |  16.7
        D:2 |     127 |       0 |   0.0 |      35 |       0 |   0.0
        D:3 |     325 |       0 |   0.0 |      23 |       0 |   0.0
        D:4 |     506 |      36 |   6.6 |      14 |       1 |   6.7
        D:5 |     853 |     220 |  20.5 |      24 |       2 |   7.7
        D:6 |     559 |     183 |  24.7 |      19 |       1 |   5.0
        D:7 |     787 |     211 |  21.1 |      20 |       1 |   4.8
        D:8 |     894 |       0 |   0.0 |      17 |       0 |   0.0
        D:9 |    2853 |       0 |   0.0 |      27 |       0 |   0.0
       D:10 |     492 |       0 |   0.0 |       8 |       0 |   0.0
            +---------+---------+-------+---------+---------+-------
